Map: Thunderbird LE

Players

Blask - Winner!

  • Race: Protoss Protoss
  • Spawn Location: 11:00

Atsou

  • Race: Zerg Zerg
  • Spawn Location: 5:00

Event: NationWars 2019

VOD

Have the link to the VOD?

Description

Time

  • Played on: Sept. 30, 2019, 4:24 p.m.
  • Length: 16:56

All games in this series

Show
View Real Time Build Order
Export as new Build Order

Blask Protoss - Winner!

Build Orders:  

Get SALT Encoding   

  12  0:00  Probe  
  13  0:12  Probe  
  14  0:19  Pylon  
  14  0:24  Probe (Chrono Boost)  
  15  0:38  Probe (Chrono Boost), Gateway  
  16  0:46  Probe (Chrono Boost)  
  16  0:47  Assimilator  
  17  0:53  Probe  
  18  1:05  Probe  
  19  1:17  Probe  
  20  1:26  Cybernetics Core  
  20  1:33  Gateway, Zealot  
  20  1:39  Pylon  
  22  1:43  Probe  
  23  2:04  Adept (Chrono Boost)  
  23  2:05  Probe  
  23  2:06  Assimilator  
  25  2:14  Shield Battery  
  25  2:20  Adept (Chrono Boost)  
  25  2:22  Probe  
  28  2:30  Pylon  
  28  2:33  Stalker  
  30  2:47  Robotics Facility  
  30  2:52  Stalker  
  32  3:06  Probe  
  32  3:12  Pylon  
  31  3:17  Warp Gate  
  31  3:20  Nexus  
  31  3:28  Stalker  
  33  3:38  Immortal (Chrono Boost)  
  37  3:49  Stalker  
  39  4:02  Probe, Twilight Council  
  40  4:14  Observer (Chrono Boost)  
  40  4:15  Probe  
  42  4:28  Probe, Warp Prism (Chrono Boost)  
  45  4:33  Probe  
  46  4:48  Robotics Bay  
  44  4:56  Probe x2  
  46  5:02  Pylon  
  46  5:07  Immortal  
  46  5:08  Probe  
  51  5:19  Pylon  
  51  5:20  Probe  
  52  5:23  Probe  
  53  5:30  Blink  
  53  5:32  Probe  
  54  5:35  Probe (Chrono Boost)  
  55  5:44  Probe (Chrono Boost)  
  55  5:48  Probe (Chrono Boost)  
  55  5:49  Assimilator  
  57  5:51  Assimilator, Shield Battery  
  57  5:54  Pylon, Probe (Chrono Boost)  
  57  5:55  Probe (Chrono Boost)  
  59  5:59  Probe (Chrono Boost)  
  59  6:02  Probe  
  59  6:03  Colossus (Chrono Boost)  
  67  6:20  Probe  
  68  6:28  Adept x2, Gateway  
  68  6:29  Gateway  
  72  6:38  Probe  
  73  6:40  Probe  
  74  6:55  Cybernetics Core  
  74  6:57  Pylon  
  74  6:59  Pylon  
  74  7:04  Cybernetics Core  
  74  7:07  Pylon, Gateway  
  74  7:11  Colossus (Chrono Boost)  
  80  7:28  Forge  
  80  7:31  Gateway  
  80  7:33  Gateway  
  80  7:34  Extended Thermal Lance (Chrono Boost)  
  80  7:45  Stalker x3  
  86  7:55  Colossus (Chrono Boost)  
  86  7:57  Protoss Ground Weapons Level 1 (Chrono Boost)  
  92  8:04  Charge  
  92  8:14  Pylon  
  90  8:28  Stalker x2  
  94  8:37  Probe  
  94  8:38  Shield Battery  
  95  8:41  Colossus  
  99  8:55  Stalker x5  
  109  9:01  Pylon  
  109  9:06  Pylon  
  109  9:25  Stalker x4  
  109  9:27  Sentry  
  109  9:30  Colossus  
  121  9:49  Stalker x2  
  125  9:55  Pylon  
  125  10:16  Nexus  
  125  10:20  Templar Archives  
  125  10:31  Colossus (Chrono Boost)  
  131  10:49  Zealot x2  
  131  10:50  Zealot  
  127  11:05  Assimilator, Zealot  
  127  11:08  Assimilator  
  123  11:21  Warp Prism (Chrono Boost)  
  125  11:32  Stalker  
  125  11:33  Stalker x5  
  125  11:36  Probe x3  
  138  11:48  Probe  
  138  11:51  Observer  
  134  12:04  Zealot x5  
  144  12:20  Probe  
  144  12:21  Protoss Ground Weapons Level 2 (Chrono Boost), Probe  
  146  12:24  Gateway  
  146  12:27  Gateway  
  146  12:29  High Templar  
  148  12:33  Pylon  
  148  12:35  Pylon  
  148  12:50  Colossus (Chrono Boost)  
  133  12:51  High Templar x4  
  145  12:59  Archon x2  
  143  13:06  High Templar  
  145  13:15  Dark Shrine  
  145  13:18  Archon  
  145  13:25  Zealot x6  
  157  13:37  Colossus (Chrono Boost)  
  161  13:44  Probe x2  
  161  13:45  Probe  
  164  13:56  Probe  
  164  14:02  Pylon, Probe  
  164  14:04  Pylon  
  164  14:07  Pylon  
  154  14:16  High Templar x4  
  154  14:17  High Templar  
  164  14:20  Pylon  
  164  14:23  Pylon  
  164  14:24  Pylon  
  164  14:26  Archon x2  
  164  14:27  High Templar  
  165  14:37  High Templar  
  165  14:38  Archon  
  167  14:47  Observer  
  167  14:49  High Templar  
  167  14:50  Zealot x3  
  167  14:52  Colossus  
  181  14:56  Shield Battery  
  181  14:58  Pylon, Archon  
  175  15:05  High Templar x2  
  169  15:28  Stalker x5  
  173  15:31  Probe x2  
  162  16:05  High Templar x4  
  162  16:06  High Templar x2  
  162  16:07  Probe x3  
  177  16:14  High Templar  
  177  16:16  Archon  
  177  16:17  Archon x2  
  179  16:21  Pylon  
  172  16:38  High Templar, Zealot x4  
  172  16:39  Zealot  
  182  16:41  Archon  
  182  16:43  Probe  
  177  16:47  Archon  
Show
View Real Time Build Order
Export as new Build Order

Atsou Zerg 

Build Orders: 1 Base Baneling Bust, Pool First, Swarm Host 

Get SALT Encoding   

  12  0:00  Drone  
  13  0:15  Extractor  
  12  0:26  Spawning Pool  
  11  0:29  Drone  
  11  0:34  Drone  
  13  0:38  Drone  
  14  0:50  Overlord  
  14  1:13  Zergling x6  
  14  1:16  Metabolic Boost  
  17  1:26  Queen  
  19  1:35  Drone  
  19  1:36  Drone  
  21  1:46  Drone  
  22  1:59  Baneling Nest  
  22  2:00  Drone  
  22  2:15  Overlord  
  22  2:34  Overlord  
  22  2:35  Drone, Extractor  
  22  2:38  Lair  
  22  2:44  Zergling x2  
  23  2:55  Zergling x2  
  23  3:08  Spore Crawler  
  23  3:12  Drone  
  23  3:13  Drone x3  
  26  3:34  Hatchery  
  25  3:36  Infestation Pit  
  25  3:38  Drone  
  25  3:39  Drone  
  26  3:45  Queen  
  26  3:46  Drone  
  26  3:47  Drone x2  
  31  3:57  Overlord  
  31  4:01  Overlord  
  31  4:08  Evolution Chamber  
  30  4:23  Swarm Host x2  
  36  4:24  Swarm Host  
  36  4:30  Swarm Host  
  42  4:37  Zerg Missile Weapons Level 1  
  42  4:47  Spore Crawler  
  42  4:53  Swarm Host x2  
  48  5:15  Nydus Network  
  48  5:19  Overlord  
  48  5:20  Drone, Overlord  
  48  5:21  Drone  
  49  5:37  Swarm Host  
  49  5:38  Overlord  
  51  5:43  Swarm Host  
  51  5:49  Queen  
  56  6:02  Nydus Canal  
  55  6:06  Swarm Host  
  58  6:17  Nydus Canal  
  58  6:23  Queen, Overlord  
  58  6:25  Queen  
  62  6:31  Nydus Canal  
  62  6:45  Swarm Host  
  65  6:49  Spine Crawler  
  63  6:56  Swarm Host  
  66  7:04  Swarm Host  
  66  7:05  Queen  
  71  7:13  Nydus Canal  
  71  7:27  Nydus Canal  
  71  7:34  Swarm Host  
  74  8:03  Drone  
  74  8:04  Overlord x2  
  75  8:15  Hatchery  
  74  8:22  Swarm Host x3, Queen x2  
  87  8:28  Overlord  
  87  8:40  Drone  
  87  8:41  Drone x3  
  91  8:48  Swarm Host  
  94  9:00  Swarm Host  
  97  9:08  Extractor  
  97  9:09  Extractor  
  95  9:20  Swarm Host  
  98  9:45  Nydus Canal  
  98  9:46  Swarm Host  
  98  9:47  Swarm Host  
  104  10:09  Nydus Canal  
  104  10:22  Overlord  
  104  10:23  Overlord x3  
  104  10:29  Queen  
  106  10:38  Queen  
  106  10:52  Zergling x16  
  114  11:09  Overseer  
  114  11:17  Nydus Canal  
  112  11:20  Zerg Missile Weapons Level 2  
  112  11:22  Drone x5  
  112  11:23  Drone x2  
  119  11:44  Swarm Host  
  119  11:45  Nydus Canal  
  122  11:52  Infestor  
  122  11:53  Overlord  
  124  12:00  Nydus Canal  
  121  12:11  Drone x2  
  121  12:14  Nydus Canal  
  123  12:25  Nydus Canal  
  123  12:39  Nydus Canal  
  120  12:54  Nydus Canal  
  120  13:03  Swarm Host  
  120  13:04  Swarm Host x8  
  120  13:05  Queen  
  145  13:14  Queen  
  145  13:16  Nydus Canal  
  146  13:23  Overlord x3  
  146  13:30  Nydus Canal  
  142  13:44  Swarm Host  
  142  13:45  Zergling x4  
  142  13:46  Zergling x8  
  126  14:05  Nydus Canal  
  126  14:08  Swarm Host  
  126  14:09  Swarm Host x2  
  135  14:37  Nydus Canal  
  135  14:38  Swarm Host x4  
  133  14:39  Swarm Host  
  148  14:58  Nydus Canal  
  148  15:03  Swarm Host  
  148  15:04  Swarm Host x2  
  149  15:25  Spire  
Tags
 
Add a new tag
Caveats
  • Supply blocks, unpowered buildings, or Contaminate may cause inaccurate times.
  • Supply counts are checked every 10 seconds.